 Dungeon Crawl Stone Soup version 0.26-a0-1191-ge2a0e31ab3 (webtiles) character file.

Game seed: 4217991733985230850

3735 tsouns the Thaumaturge (level 9, 0/52 HPs)
             Began as a Deep Elf Ice Elementalist on Dec 29, 2020.
             Was a Believer of Vehumet.
             Slain by a hornet (13 damage)
             ... on level 9 of the Dungeon.
             The game lasted 00:19:40 (8944 turns).

tsouns the Thaumaturge (Deep Elf Ice Elementalist)  Turns: 8944, Time: 00:19:40

Health: 0/52       AC: 11    Str:  5    XL:     9   Next: 92%
Magic:  10/24      EV: 13    Int: 24    God:    Vehumet [**....]
Gold:   529        SH:  0    Dex: 15    Spells: 11/26 levels left

rFire    . . .     SeeInvis .   y - +8 flail (protect)
rCold    + . .     Faith    +   (no shield)
rNeg     . . .     Spirit   .   t - +0 robe
rPois    .         Reflect  .   m - +1 hat
rElec    .         Harm     .   A - +1 cloak
rCorr    .         Rampage  .   E - +0 pair of gloves
Will     .....                  B - +0 pair of boots
Stlth    ++........             x - amulet of faith
HPRegen  0.17/turn              c - +4 ring of protection
MPRegen  0.19/turn              q - ring of protection from cold

@: lethally poisoned (0 -> -11), frozen ramparts, very slightly contaminated,
invisible
A: no striking features
a: Renounce Religion


You were on level 9 of the Dungeon.
You worshipped Vehumet.
Vehumet was pleased with you.
You visited 2 branches of the dungeon, and saw 10 of its levels.

You collected 529 gold pieces.

Inventory:

Hand Weapons
 b - a +0 hand axe
 o - a +0 quarterstaff
 p - a +3 spear
 y - a +8 flail of protection (weapon)
Missiles
 s - a throwing net
Armour
 m - a +1 hat (worn)
 t - a +0 robe (worn)
 A - a +1 cloak (worn)
 B - a +0 pair of boots (worn)
 E - a +0 pair of gloves (worn)
Jewellery
 c - a +4 ring of protection (left hand)
 q - a ring of protection from cold (right hand)
 x - an amulet of faith (around neck)
 z - an uncursed ring of fire
 C - an uncursed ring of magical power {unknown}
 J - an uncursed ring of wizardry {unknown}
Wands
 H - a wand of random effects (13)
Scrolls
 h - 7 scrolls of amnesia
 i - a scroll of immolation
 k - 3 scrolls of teleportation
 n - a scroll of remove curse
 w - a scroll of blinking
 F - a scroll of silence {unknown}
 G - a scroll of fear
Potions
 a - 3 potions of might
 d - 3 potions of curing
 e - a potion of heal wounds
 f - a potion of invisibility
 g - a potion of flight
 j - 2 potions of degeneration
 l - 3 potions of attraction
 r - 2 potions of resistance
 u - a potion of ambrosia {unknown}
 v - 2 potions of haste {unknown}
 D - 3 potions of brilliance {unknown}
 I - a potion of mutation {unknown}
 K - a potion of magic {unknown}


   Skills:
 + Level 4.6 Fighting
 + Level 3.4(3.8) Maces & Flails
 - Level 3.1(4.3) Staves
 - Level 2.5 Dodging
 - Level 2.4 Stealth
 + Level 9.4 Spellcasting
 - Level 4.1 Conjurations
 - Level 4.2 Summonings
 + Level 9.2 Ice Magic


You had 11 spell levels left.
You knew the following spells:

 Your Spells              Type           Power        Failure   Level
a - Freeze                Ice            100%         1%          1
b - Frozen Ramparts       Ice            100%         1%          3
c - Ozocubu's Armour      Ice            54%          1%          3
d - Hailstorm             Conj/Ice       43%          3%          4
e - Summon Ice Beast      Ice/Summ       43%          3%          4

Your spell library contained the following spells:

 Spells                   Type           Power        Failure   Level
 Ignite Poison            Fire/Tmut/Pois 11%          17%         3


Dungeon Overview and Level Annotations

Branches:
Dungeon (9/15)             Temple (1/1) D:6
   Lair: D:8-11         Orc: D:9-12

Altars:
Ashenzari
Cheibriados
Dithmenos
Elyvilon
Fedhas
Gozag
Hepliaklqana
Kikubaaqudgha
Makhleb
Nemelex Xobeh
Okawaru
Qazlal
Ru
Sif Muna
Trog
Uskayaw
Vehumet
Wu Jian
Xom
Yredelemnul
Zin
The Shining One

Shops:
D:5 :   D:6 *


Message History

Aim: a hornet (moderately wounded)
Okay, then.
Casting: Freeze (safe; 1% risk of failure)
Confirm with . or Enter, or press ? or * to list all spells.
Casting: Hailstorm (dangerous; 3% risk of failure)
Press: ? - help, Dir - look around, f - activate A cannonade of hail descends around you!
The hail pelts the orc!
You kill the orc!
Vehumet accepts your kill.
You feel your power returning.
The hail pelts the orc warrior!
The orc warrior is heavily wounded.
The hail pelts the orc priest!
You kill the orc priest!
Vehumet accepts your kill.
You feel sick.
The wall freezes the water moccasin.
The water moccasin seems to slow down.
The water moccasin bites you.
* * * LOW HITPOINT WARNING * * *
The hornet stings you!
You die...

###...<.#
##...##..#
########..###..##
.........#....##
##########.####
##.# ##..#
#.##..## #..Y@##
##†yS.....#
#)o)###### .)....
..##... ....
#.... ... ##...
.. #....


You could see a hornet, an orc warrior, a water moccasin (slow) and a friendly
ice beast (summoned).

Vanquished Creatures
  A troll (D:8)
  Sigmund (D:6)
  Edmund (D:4)
  A water moccasin (D:6)
  Duvessa (D:4)
  A sky beast (D:8)
  2 ice beasts
  5 ogres
  4 centaurs
  2 big kobolds (D:8)
  2 bullfrogs
  A gnoll sergeant (D:8)
  A wyvern skeleton (D:7)
  Dowan (D:4)
  3 scorpions
  4 wights (D:7)
  A centaur zombie (D:8)
  A quasit (D:8)
  4 orc priests
  4 hounds
  3 bullfrog skeletons
  An iguana (D:5)
  A centaur skeleton (D:8)
  4 worker ants
  Natasha (thrice) (D:2)
  5 orc wizards
  4 hound skeletons
  17 gnolls
  2 howler monkey skeletons
  9 adders
  A white imp (D:5)
  2 ufetubi
  An ooze (D:5)
  2 adder skeletons
  5 worms
  2 leopard geckos
  18 orcs
  5 bats
  3 bat zombies (D:7)
  7 giant cockroaches
  10 goblins
  10 hobgoblins
  5 jackals
  13 kobolds
  2 quokkas
  2 ball pythons
  5 frilled lizards
  2 jackal skeletons (D:7)
  A jackal zombie (D:5)
  A leopard gecko skeleton (D:5)
  A quokka zombie (D:6)
  3 rats
  3 rat zombies (D:7)
194 creatures vanquished.

Vanquished Creatures (collateral kills)
  A phantom (D:8)
  A leopard gecko (D:9)
  2 orcs (D:8)
4 creatures vanquished.

Grand Total: 198 creatures vanquished

Notes
Turn   | Place    | Note
-------+----------+-------------------------------------------
     0 | D:1      | tsouns the Deep Elf Ice Elementalist began the quest for
                  | the Orb.
     0 | D:1      | Reached XP level 1. HP: 10/10 MP: 6/6
   156 | D:1      | Reached XP level 2. HP: 15/15 MP: 5/8
   164 | D:1      | Reached skill level 5 in Ice Magic
   709 | D:1      | Reached XP level 3. HP: 19/19 MP: 7/9
  1142 | D:2      | Reached skill level 1 in Staves
  1315 | D:2      | Reached XP level 4. HP: 20/24 MP: 8/11
  1698 | D:2      | Found a sparkling altar of Nemelex Xobeh.
  1812 | D:2      | Found a shimmering altar of Xom.
  2001 | D:2      | Noticed Natasha
  2011 | D:2      | Killed Natasha
  2275 | D:2      | Noticed Natasha
  2280 | D:2      | Killed Natasha
  2281 | D:2      | Reached XP level 5. HP: 28/28 MP: 9/13
  2404 | D:2      | Noticed Natasha
  2409 | D:2      | Killed Natasha
  2833 | D:3      | Learned a level 3 spell: Frozen Ramparts
  2837 | D:3      | Learned a level 3 spell: Ozocubu's Armour
  3411 | D:4      | Reached skill level 5 in Spellcasting
  3451 | D:4      | Noticed Edmund
  3458 | D:4      | Killed Edmund
  3459 | D:4      | Reached XP level 6. HP: 17/32 MP: 9/16
  3747 | D:4      | Reached skill level 1 in Fighting
  3925 | D:4      | Noticed Duvessa
  3925 | D:4      | Noticed Dowan
  3936 | D:4      | Killed Dowan
  3937 | D:4      | Reached XP level 7. HP: 27/38 MP: 10/18
  3937 | D:4      | Killed Duvessa
  4283 | D:5      | Entered Level 5 of the Dungeon
  4289 | D:5      | Learned a level 4 spell: Hailstorm
  4294 | D:5      | Learned a level 4 spell: Summon Ice Beast
  4479 | D:5      | Reached skill level 1 in Conjurations
  4479 | D:5      | Reached skill level 1 in Summonings
  4593 | D:5      | Found a hide-covered altar of Uskayaw.
  4791 | D:5      | Found Kabatoad's Book Emporium.
  4886 | D:5      | Found a broken altar of Ashenzari.
  5096 | D:6      | Reached XP level 8. HP: 45/45 MP: 20/20
  5346 | D:6      | Reached skill level 1 in Maces & Flails
  5606 | D:6      | Found a staircase to the Ecumenical Temple.
  5615 | Temple   | Entered the Ecumenical Temple
  5746 | Temple   | Became a worshipper of Vehumet
  5778 | D:6      | Found Soozil's Mayhem Merchandise.
  5779 | D:6      | Found an opulent altar of Gozag.
  5796 | D:6      | Noticed Sigmund
  5806 | D:6      | Killed Sigmund
  6473 | D:7      | Reached XP level 9. HP: 51/51 MP: 18/23
  6734 | D:7      | Reached * piety under Vehumet
  6734 | D:7      | Offered knowledge of Magic Dart by Vehumet.
  6745 | D:7      | Found an ancient bone altar of Kikubaaqudgha.
  7095 | D:7      | Found a sacrificial altar of Ru.
  7827 | D:8      | Reached ** piety under Vehumet
  7827 | D:8      | Offered knowledge of Shock by Vehumet.
  8004 | D:8      | Noticed a troll
  8010 | D:8      | Killed a troll
  8454 | D:8      | Found an iron altar of Okawaru.
  8937 | D:9      | Offered knowledge of Ignite Poison by Vehumet.
  8942 | D:9      | Paralysed by a hornet for 1 turns
  8944 | D:9      | Slain by a hornet

Illustrated notes

Levels and vault maps discovered:
D:1:      lemuel_arrival_behind_the_door_large, layout_loops_ring,
          minmay_3d_cube
D:2:      layout_loops_corners, lemuel_doored_altar,
          nemelex_xobeh_ov_fountains_minmay, uniq_natasha
D:3:      layout_basic
D:4:      layout_basic, uniq_duvessa, uniq_edmund
D:5:      layout_rooms, lemuel_crystal_altar, general_overflow_altar,
          serial_shops, kennysheep_little_box
D:6:      layout_basic, temple_statues, basic_altar, minmay_shop_mayhem,
          uniq_sigmund
D:7:      layout_layer_cave, lemuel_zombie_altar_kikubaaqudgha,
          nicolae_ru_great_annihilating_truth
D:8:      layout_loops_cross, nicolae_overflow_crystal_walls
D:9:      layout_rooms, okawaru_gym_becter
Temple:   nicolae_temple_elliptical

Skill      XL: |  1  2  3  4  5  6  7  8  9 |
---------------+----------------------------+-----
Ice Magic      | 5 6 7 8 9 |  9.2
Staves         | 1 2 3 |  3.1
Spellcasting   | 4 5 6 7 8 9 |  9.4
Fighting       | 1 2 3 4 |  4.6
Conjurations   | 1 3 4 |  4.1
Summonings     | 1 3 4 |  4.2
Maces & Flails | 2 3 |  3.4
Dodging        | |  2.5
Stealth        | |  2.4

Action                   |  1- 3 |  4- 6 |  7- 9 || total
-------------------------+-------+-------+-------++-------
Melee: Hand axe          |     9 |       |       ||     9
       Quarterstaff      |       |     6 |       ||     6
       Flail             |       |     9 |   180 ||   189
 Cast: Freeze            |    50 |    79 |   109 ||   238
       Frozen Ramparts   |       |     4 |    12 ||    16
       Ozocubu's Armour  |       |     1 |     7 ||     8
       Hailstorm         |       |       |     8 ||     8
       Summon Ice Beast  |       |       |     3 ||     3
  Use: Scroll            |       |    13 |     6 ||    19
       Potion            |       |       |     2 ||     2
 Stab: Sleeping          |       |     1 |     6 ||     7
Armor: Robe              |     9 |    18 |   146 ||   173
Dodge: Dodged            |    28 |    35 |   212 ||   275

Table legend: (Time is in decaauts)
 A = Elapsed time spent in this place.
 B = Non-inter-level travel time spent in this place.
 C = Inter-level travel time spent in this place.
 D = Time resting spent in this place.
 E = Time spent auto-exploring this place.
 F = Levels seen in this place.
 G = Mean time per level.
                   A        B        C        D        E       F      G
               +--------+--------+--------+--------+--------+-----+--------+
         Total |   8996 |   8747 |    249 |      0 |   7344 |  10 |  899.6 |
       Dungeon |   8843 |   8615 |    228 |      0 |   7225 |   9 |  982.6 |
        Temple |    153 |    132 |     21 |      0 |    119 |   1 |  153.0 |
               +--------+--------+--------+--------+--------+-----+--------+

Top non-repeatable levels by time:
     D:7: 1724 daAuts
     D:2: 1678 daAuts
     D:8: 1222 daAuts
     D:1: 1011 daAuts
     D:4: 889 daAuts
     D:6: 853 daAuts
     D:5: 726 daAuts
     D:3: 708 daAuts
  Temple: 153 daAuts
     D:9: 29 daAuts
